 Dungeon Crawl Stone Soup version 0.30-b1-2-g02819fbbbe (webtiles) character file.

Game seed: 420290408745451625

34 Arcadio the Magician (level 3, -4/28 HPs)
             Began as a Djinni Fire Elementalist on May 17, 2023.
             Slain by Sigmund
             ... wielding a +4 scythe of venom
              (5 damage)
             ... on level 2 of the Dungeon.
             The game lasted 00:01:49 (767 turns).

Arcadio the Magician (Djinni Fire Elementalist)      Turns: 767, Time: 00:01:50

Health: -4/28      AC:  2    Str:  7    XL:     3   Next: 50%
Gold:   63         EV: 12    Int: 18    God:
                   SH:  0    Dex: 13

rFire   + + .        f - +0 dagger
rCold   x . .        (no shield)
rNeg    . . .        a - +0 robe
rPois   ∞            (no helmet)
rElec   .            (no cloak)
rCorr   .            (no gloves)
SInv    .            (boots unavailable)
Will    .....        (no amulet)
Stlth   ++           (no ring)
HPRegen 0.24/turn    (no ring)
MPRegen 0.00/turn

%: infuse magic (-5 HP)
@: attractive, flying, very slightly contaminated
A: sickness immunity, fire resistance 2, cold vulnerability 1, float, innate
caster, HP casting, extra vitality 1
a: no special abilities


You were on level 2 of the Dungeon.
You visited 1 branch of the dungeon, and saw 2 of its levels.

You collected 63 gold pieces.

Inventory:

Hand Weapons
 c - a +0 whip
 f - a +0 dagger (weapon)
Armour
 a - a +0 robe (worn)
Scrolls
 d - a scroll of enchant armour {unknown}
 e - a scroll of identify {unknown}
 g - a scroll of enchant weapon {unknown}
 i - a scroll of torment {unknown}
 j - a scroll of noise {unknown}
 k - a scroll of teleportation {unknown}
Potions
 b - a potion of attraction
 h - a potion of degeneration {unknown}


   Skills:
 + Level 1.8 Fighting
 - Level 2.1 Dodging
 - Level 1.5 Stealth
 + Level 2.9 Spellcasting


You knew the following spells:

 Your Spells              Type           Power      Damage    Failure   Level
a - Foxfire               Conj/Fire      52%        2x1d6     4%          1
b - Scorch                Fire           26%        2d6       8%          2
c - Volatile Blastmotes   Fire/Tloc      26%        2d12      14%         3
d - Inner Flame           Hex/Fire       13%        N/A       14%         3
e - Flame Wave            Conj/Fire      13%        2d6       43%         4
f - Necrotise             Necr           52%        1d6       4%          1
Your spell library was empty.

Dungeon Overview and Level Annotations

Branches:
Dungeon (2/15) Zot: 11232

Altars:
Elyvilon

Annotations:
D:2 Sigmund


Innate Abilities, Weirdness & Mutations

You are immune to sickness and miasma.
You are immune to poison.
Your flesh is very heat resistant. (rF++)
You are vulnerable to cold. (rC-)
You float through the air rather than walking.
You learn spells naturally, not from books.
Your magical power is your life essence.
You have superior vitality. (+4 MHP)


Message History

Casting: Foxfire (safe; 4% risk of failure)
Confirm with . or Enter, or press ? or * to list all spells.
You miscast Scorch.
You are very lightly contaminated with residual magic.
Nothing appears to happen.
Sigmund closely misses you.
Casting: Scorch (safe; 8% risk of failure)
Confirm with . or Enter, or press ? or * to list all spells.
Flames lash Sigmund.
Sigmund is lightly wounded.
Sigmund's fire resistance burns away.
Casting: Scorch (safe; 8% risk of failure)
Confirm with . or Enter, or press ? or * to list all spells.
Flames lash Sigmund.
Sigmund is burned terribly!
Sigmund is moderately wounded.
Sigmund hits you from afar with a +4 scythe of venom!
* * * LOW HITPOINT WARNING * * *
Casting: Scorch (safe; 8% risk of failure)
Confirm with . or Enter, or press ? or * to list all spells.
Flames lash Sigmund.
Sigmund is burned terribly!
Sigmund is severely wounded.
* * * LOW HITPOINT WARNING * * *
Sigmund closely misses you.
Casting: Scorch (safe; 8% risk of failure)
Confirm with . or Enter, or press ? or * to list all spells.
You don't have enough health to cast this spell.
Casting: Scorch (safe; 8% risk of failure)
Confirm with . or Enter, or press ? or * to list all spells.
You don't have enough health to cast this spell.
It was a potion of attraction.
You feel attractive to monsters. Sigmund is attracted toward you.
Casting: Scorch (safe; 8% risk of failure)
Confirm with . or Enter, or press ? or * to list all spells.
You don't have enough health to cast this spell.
Casting: Scorch (safe; 8% risk of failure)
Confirm with . or Enter, or press ? or * to list all spells.
You conjure some foxfire!
* * * LOW HITPOINT WARNING * * *
Sigmund hits you with a +4 scythe of venom.
You die...

... .. ...
... .. ....
.. ....##.
......§
......@####
.......@v.#
........v.#
#+.....#..#
#........#
#........#
#.####.###
#........#
#.###.##.##
#.........#


You could see Sigmund (combustible, ally target).

Vanquished Creatures
  A gnoll (D:1)
  A dart slug (D:1)
  2 bats
  2 endoplasms (D:1)
  A giant cockroach (D:1)
  A goblin (D:1)
  2 quokkas
  3 ball pythons (D:1)
  2 frilled lizards
  3 kobolds (D:1)
  5 rats (D:1)
23 creatures vanquished.

Vanquished Creatures (others)
  47 foxfires
47 creatures vanquished.

Grand Total: 70 creatures vanquished

Notes
Turn   | Place    | Note
-------+----------+-------------------------------------------
     0 | D:1      | Arcadio the Djinni Fire Elementalist began the quest for
                  | the Orb.
     0 | D:1      | Arcadio set off with the following spells memorised:
                  | Foxfire, Scorch, Volatile Blastmotes, Inner Flame, Flame
                  | Wave.
     0 | D:1      | Reached XP level 1. HP: 15/15 MP: 0/0
   186 | D:1      | Reached skill level 1 in Fighting
   186 | D:1      | Reached XP level 2. HP: 15/22 MP: 0/0
   494 | D:1      | Reached XP level 3. HP: 26/27 MP: 0/0
   494 | D:1      | Learned a level 1 spell: Necrotise
   664 | D:2      | Found a white marble altar of Elyvilon.
   758 | D:2      | Noticed Sigmund
   767 | D:2      | Slain by Sigmund

Illustrated notes

Levels and vault maps discovered:
D:1:      roderic_octagonal_star, layout_basic
D:2:      minmay_diamond_boxcup, layout_loops_cross, basic_altar, minivault_11,
          uniq_sigmund

Skill      XL: |  1 |
---------------+----+-----
Fighting       | 1 |  1.8
Dodging        | |  2.1
Stealth        | |  1.5
Spellcasting   | |  2.9

Action                     || total
---------------------------++-------
  Melee: Whip              ||     4
   Cast: Foxfire           ||    34
         Scorch            ||     4
    Use: Potion            ||     1
 Armour: Robe              ||     4
  Dodge: Dodged            ||     9
